AoeStats
← Doak

Oasis

509986883Analyzed
3v3 RM · 3d ago on Sep 28, 2026· 29m 54s· 6 players
Game mode
Random Map
Map size
Normal (6 player)
Population
200
Speed
Normal
Resources
Standard
Victory
Conquest
Starting age
Dark Age
Ending age
Imperial Age
RankedLock teamsTeams togetherTeam positionsShared explorationLock speedFull tech treeHidden civsTurbo modeCheats
Victory
Defeat
🇺🇸 Ethiopians · United States
1455
+17
🇬🇧 Maya · United Kingdom
1445
+17
🇺🇸 Khitans · United States
1414
+19
🇧🇷 Britons · Brazil
1530
-20
🇧🇷 Maya · Brazil
1450
-17
🇧🇷 Huns · Brazil
1444
-16
el_Feist
8:51 Feudal Age
7:42 Loom
12:44 Fletching
16:20 Wheelbarrow
17:58 Padded Archer Armor
25:34 Castle Age
23:59 Double-Bit Axe
24:58 Horse Collar
26:19 Bodkin Arrow
25:46 Crossbowman
27:54 Hand Cart
27:47 Heavy Plow
some.spiced.ham
10:31 Feudal Age
11:03 Double-Bit Axe
11:00 Domestication
13:46 Loom
14:28 Forging
19:33 Scale Barding Armor
22:41 Wheelbarrow
21:51 Town Watch
29:07 Castle Age
29:32 Light Cavalry
Doak
0:30 Loom
9:20 Feudal Age
12:04 Double-Bit Axe
14:34 Fletching
18:22 Padded Archer Armor
19:17 Wheelbarrow
22:27 Castle Age
21:48 Gold Mining
23:02 Bodkin Arrow
22:44 Crossbowman
24:33 Bow Saw
Bet0
0:28 Loom
9:16 Feudal Age
9:47 Double-Bit Axe
14:23 Fletching
25:26 Castle Age
23:37 Gold Mining
23:37 Horse Collar
25:36 Crossbowman
26:11 Bodkin Arrow
26:35 Bow Saw
26:25 Heavy Plow
27:13 Padded Archer Armor
27:28 Stone Mining
28:36 Wheelbarrow
30:20 Leather Archer Armor
Alem4Te
7:12 Loom
9:24 Feudal Age
10:05 Double-Bit Axe
10:46 Horse Collar
15:33 Scale Barding Armor
19:09 Forging
19:42 Bloodlines
25:14 Castle Age
25:19 Light Cavalry
26:25 Chain Barding Armor
GuguBot
9:23 Feudal Age
10:02 Double-Bit Axe
10:49 Loom
16:47 Fletching
16:57 Horse Collar
21:33 Castle Age
20:12 Padded Archer Armor
21:40 Crossbowman
22:16 Bodkin Arrow
24:03 Leather Archer Armor
25:54 Ballistics
Connection lost

Rejoining the realm…

Still unreachable

The connection could not be restored.

Session expired

The server has moved on; the page needs a fresh start.